 Dungeon Crawl Stone Soup version 0.17-a0-1447-g3d113ad (webtiles) character file.

945 Vlagh the Magician (level 7, 0/36 HPs)
             Began as a Deep Elf Fire Elementalist on June 29, 2015.
             Was an Initiate of Sif Muna.
             Succumbed to a worker ant's poison
             ... on level 5 of the Dungeon.
             The game lasted 00:44:42 (5746 turns).

Vlagh the Magician (Deep Elf Fire Elementalist)     Turns: 5746, Time: 00:44:42

Health: 0/36       AC:  2    Str:  5    XL:     7   Next: 89%
Magic:  0/19       EV: 12    Int: 22    God:    Sif Muna [......]
Gold:   204        SH:  0    Dex: 15    Spells: 5 memorised, 6 levels left

rFire  . . .     SeeInvis .     l - +1 short sword
rCold  . . .     Clarity  +     a - +0 robe
rNeg   . . .     SustAt   .     (no shield)
rPois  .         Gourm    .     (no helmet)
rElec  .         Spirit   .     (no cloak)
rCorr  .         Warding  .     (no gloves)
rMut   .         Stasis   .     (no boots)
MR     .....                    u - amulet of clarity
Stlth  ++........               (no ring)
                                (no ring)

@: lethally poisoned (0 -> -4), drained, not resistant to hostile enchantments,
unstealthy
A: no striking features
a: Renounce Religion


You were on level 5 of the Dungeon.
You worshipped Sif Muna.
Sif Muna was noncommittal.
You were not hungry.

You visited 2 branches of the dungeon, and saw 8 of its levels.

You collected 204 gold pieces.

Inventory:

Hand weapons
 l - a +1 short sword (weapon)
 o - a cursed -2 flail
 x - the cursed +0 spear "Seixeset" {pierce, +Inv Dex+2 Stlth+, unknown}
   (You found it on level 7 of the Dungeon)

   It inflicts extra damage upon your enemies.
   It affects your dexterity (+2).
   It lets you turn invisible.
   It makes you more stealthy.
   It has a curse placed upon it.
Missiles
 e - 115 stones (quivered)
 k - 22 poisoned needles
Armour
 a - a +0 robe (worn)
 f - the -5 buckler of Hedging {rElec Dex+7, unknown}
   (You found it on level 7 of the Dungeon)

   It affects your dexterity (+7).
   It insulates you from electricity.
Jewellery
 u - an amulet of clarity (around neck)
Scrolls
 d - 4 scrolls of magic mapping
 i - a scroll of identify
 j - a scroll of immolation
 s - a scroll of remove curse
 v - a scroll of random uselessness {unknown}
 w - 3 scrolls of enchant weapon
Potions
 h - 2 potions of flight {unknown}
 m - a potion of degeneration {unknown}
 n - 2 potions of beneficial mutation
 p - 2 potions of curing {unknown}
 q - a potion of magic {unknown}
 t - a potion of mutation {unknown}
Books
 b - a book of Flames

   Spells                             Type                      Level
   a - Flame Tongue                   Conjuration/Fire             1
   b - Throw Flame                    Conjuration/Fire             2
   c - Conjure Flame                  Conjuration/Fire             3
   d - Inner Flame                    Hexes/Fire                   3
   e - Sticky Flame                   Conjuration/Fire             4
   f - Fireball                       Conjuration/Fire             5
 r - a book of Necromancy

   Spells                             Type                      Level
   a - Pain                           Necromancy                   1
   b - Animate Skeleton               Necromancy                   1
   c - Vampiric Draining              Necromancy                   3
   d - Regeneration                   Charms/Necromancy            3
   e - Animate Dead                   Necromancy                   4
   f - Control Undead                 Necromancy                   4
 y - a book of the Earth

   Spells                             Type                      Level
   a - Leda's Liquefaction            Hexes/Earth                  4
   b - Bolt of Magma                  Conjuration/Fire/Earth       5
   c - Statue Form                    Transmutation/Earth          6
   d - Iron Shot                      Conjuration/Earth            6
   e - Shatter                        Earth                        9
Comestibles
 c - 2 bread rations
 g - 5 slices of pizza
 z - 4 chunks of flesh


   Skills:
 - Level 2.4(2.0) Dodging
 - Level 2.4(2.0) Stealth
 * Level 6.9(6.5) Spellcasting
 + Level 5.9(5.5) Conjurations
 + Level 6.0(5.6) Fire Magic
 + Level 2.5(2.2) Invocations


You had 6 spell levels left.
You knew the following spells:

 Your Spells              Type           Power        Failure   Level  Hunger
a - Flame Tongue          Conj/Fire      ####.        1%          1    None
b - Throw Flame           Conj/Fire      ####..       1%          2    None
c - Conjure Flame         Conj/Fire      ####....     2%          3    #......
d - Sticky Flame          Conj/Fire      ####....     12%         4    ###....
e - Regeneration          Chrm/Necr      #.........   28%         3    #......


Dungeon Overview and Level Annotations

Branches:
Dungeon (7/15)             Temple (1/1) D:5

Altars:
Ashenzari
Cheibriados
Dithmenos
Elyvilon
Fedhas
Gozag
Kikubaaqudgha
Makhleb
Nemelex Xobeh
Okawaru
Qazlal
Ru
Sif Muna
Trog
Vehumet
Xom
Yredelemnul
Zin
The Shining One


Message History

The worker ant closely misses you.
Casting: Flame Tongue
Confirm with . or Enter, or press ? or * to list all spells.
Aiming: Flame Tongue
Press: ? - help, Shift-Dir - straight line, f - worker ant
Aim: a worker ant The flame tongue hits the worker ant.
The worker ant is severely wounded.
The worker ant bites you!
* * * LOW HITPOINT WARNING * * *
You are lethally poisoned!
The worker ant poisons you!
Casting: Flame Tongue
Confirm with . or Enter, or press ? or * to list all spells.
Aiming: Flame Tongue
Press: ? - help, Shift-Dir - straight line, f/p - worker ant
Aim: a worker ant (severely wounded)
The flame tongue hits the worker ant.
You kill the worker ant!
You die...

##.####...####.
#.# #...# #.#
#...# #(# #.#
#...# #.# #.#
#...# #.# #.#
##>.####.#### #.#
#..#........ #.#
#..<........
#@#####.......#...
#.†.........†.....
###.##############
#.## ##.# #.##
##.# #.## ## ##.#


There were no monsters in sight!

Vanquished Creatures
  The ghost of Zadeon the Cudgeler, an average TrBe of Trog (D:4)
  A water moccasin (D:7)
  An ice beast (D:7)
  A crocodile (D:7)
  3 hell rats (D:5)
  2 iguanas (D:7)
  4 orc wizards (D:3)
  3 worker ants
  3 gnolls (D:3)
  4 river rats (D:5)
  3 adders
  3 worms
  5 giant geckos
  8 orcs
  2 ball pythons (D:1)
  15 goblins
  12 hobgoblins
  10 jackals
  2 quokkas
  13 bats
  6 giant cockroaches
  4 giant newts
  2 kobolds
  24 rats
132 creatures vanquished.

Notes
Turn   | Place    | Note
--------------------------------------------------------------
     0 | D:1      | Vlagh the Deep Elf Fire Elementalist began the quest for the Orb.
     0 | D:1      | Reached XP level 1. HP: 10/10 MP: 6/6
   326 | D:1      | Reached XP level 2. HP: 15/15 MP: 5/8
   365 | D:1      | Learned a level 2 spell: Throw Flame
  1129 | D:2      | Reached XP level 3. HP: 19/19 MP: 3/9
  1185 | D:2      | Learned a level 3 spell: Conjure Flame
  1732 | D:2      | Reached skill level 4 in Fire Magic
  1741 | D:2      | Found a shattered altar of Ashenzari.
  2503 | D:3      | Reached XP level 4. HP: 18/24 MP: 3/11
  2717 | D:3      | Learned a level 4 spell: Sticky Flame
  2782 | D:3      | Found an iron altar of Okawaru.
  2783 | D:3      | Found a burning altar of Makhleb.
  2981 | D:3      | Found a shadowy altar of Dithmenos.
  3178 | D:3      | Reached XP level 5. HP: 19/28 MP: 5/13
  3823 | D:4      | Noticed Zadeon's ghost (average TrBe)
  3837 | D:4      | Killed Zadeon's ghost
  3837 | D:4      | Reached skill level 5 in Spellcasting
  3837 | D:4      | Reached skill level 5 in Conjurations
  3837 | D:4      | Reached skill level 5 in Fire Magic
  3837 | D:4      | Reached XP level 6. HP: 26/32 MP: 1/15
  4850 | D:5      | Entered Level 5 of the Dungeon
  4941 | D:5      | Found a staircase to the Ecumenical Temple.
  4956 | Temple   | Entered the Ecumenical Temple
  5042 | Temple   | Became a worshipper of Sif Muna the Loreminder
  5098 | D:5      | Learned a level 3 spell: Regeneration
  5101 | D:5      | You fall through a shaft for 2 floors!
  5105 | D:7      | Noticed a water moccasin
  5113 | D:7      | Killed a water moccasin
  5113 | D:7      | Reached XP level 7. HP: 31/36 MP: 10/17
  5150 | D:7      | Reached skill level 1 in Invocations
  5321 | D:7      | Got a crude spear
  5361 | D:7      | Reached skill level 6 in Spellcasting
  5500 | D:7      | Got a transparent buckler
  5745 | D:5      | HP: 1/36 [worker ant (8)]
  5746 | D:5      | Succumbed to a worker ant's poison

Vault maps used:
D:1:      lemuel_arrival_rhombus
D:2:      overflow_temple_1_default
D:3:      amethyst_overflow_temple_binary, grunt_dithmenos_smoke_and_mirrors
D:5:      lemuel_ratsnest, first_bread, roderic_lattice_a,
          hangedman_feature_mirror, minmay_misc_feat_more_columns,
          nicolae_tso_besieged_by_evil
D:7:      the_bakery
Temple:   nicolae_temple_x_marks_the_god_16

Action                   |  1- 3 |  4- 6 |  7- 9 || total
-------------------------+-------+-------+-------++-------
Melee: Dagger            |     1 |       |       ||     1
       Short sword       |     6 |       |     8 ||    14
Throw: Stone             |    37 |    11 |     2 ||    50
 Cast: Flame Tongue      |    54 |    75 |    65 ||   194
       Throw Flame       |    32 |    30 |     8 ||    70
       Conjure Flame     |     2 |     2 |     2 ||     6
       Sticky Flame      |       |       |     1 ||     1
  Use: Scroll            |     5 |     3 |       ||     8
  Eat: Chunk             |     6 |     8 |     2 ||    16
